 Dungeon Crawl Stone Soup version 0.25.1-11-g244df3a29b (webtiles) character file.

Game seed: 8801966441798890661

94856 DeepDeath the Severer (level 16, -2/145 HPs)
             Began as a Hill Orc Fighter on Apr 15, 2024.
             Was the Champion of Zin.
             Slain by a 20-headed hydra (5 damage)
             ... on level 6 of the Lair of Beasts.
             The game lasted 01:58:03 (26842 turns).

DeepDeath the Severer (Hill Orc Fighter)           Turns: 26842, Time: 01:58:05

Health: -2/145     AC: 25    Str: 24    XL:     16   Next: 12%
Magic:  25/25      EV: 12    Int: 12    God:    Zin [******]
Gold:   1858       SH: 12    Dex: 21    Spells: 15/15 levels left

rFire    + . .     SeeInvis +   d - +8 mace of the Realm of Zot {holy, *Slow rElec rPois Dex+5}
rCold    + + +     Gourm    .   i - +0 buckler of Patterns {rC+++ Str+2 SInv}
rNeg     + . .     Faith    .   j - +0 plate armour "Paoj" {rN+ Regen+ rCorr Dex+2}
rPois    +         Spirit   .   m - +2 hat {MR+}
rElec    +         Reflect  +   e - scarf {repulsion}
rCorr    +         Harm     .   t - +1 pair of gloves
MR       ++...                  (no boots)
Stlth    ..........             L - amulet of reflection
HPRegen  0.74/turn              q - ring "Xaqin" {+Inv rPois AC+4 Int+4}
MPRegen  0.19/turn              G - ring of protection from fire

@: repel missiles
A: no striking features
a: Recite, Vitalisation, Imprison, Sanctuary, Donate Gold, Renounce Religion,
Evoke Invisibility


You were on level 6 of the Lair of Beasts.
You worshipped Zin.
Zin was exalted by your worship.
You were not hungry.

You visited 4 branches of the dungeon, and saw 24 of its levels.
You also visited: Gauntlet and Volcano.

You collected 3329 gold pieces.
You spent 1114 gold pieces at shops.
You donated 357 gold pieces to Zin.

Inventory:

Hand Weapons
 d - the +8 mace of the Realm of Zot (weapon) {holy, *Slow rElec rPois Dex+5}
   (You found it on level 13 of the Dungeon)

   It has been blessed by the Shining One to cause great damage to the undead
   and demons.
   It affects your dexterity (+5).
   It insulates you from electricity.
   It protects you from poison.
   It may slow you when you take damage.
 s - a +2 hand axe of flaming
 w - a +5 war axe of freezing
Missiles
 B - 38 boomerangs (quivered)
 D - 30 poisoned darts
 F - 2 boomerangs of dispersal
 J - 12 javelins
 Z - 4 curare-tipped darts
Armour
 e - a scarf of repulsion (worn)
 i - the +0 buckler of Patterns (worn) {rC+++ Str+2 SInv}
   (You found it on level 3 of the Lair of Beasts)

   It affects your strength (+2).
   It renders you almost immune to cold.
   It lets you see invisible.
 j - the +0 plate armour "Paoj" (worn) {rN+ Regen+ rCorr Dex+2}
   (You took it off a minotaur in a Gauntlet)

   It affects your dexterity (+2).
   It protects you from negative energy.
   It increases your rate of regeneration.
   It provides partial protection from all sources of acid and corrosion.
 m - a +2 hat of magic resistance (worn)
 t - a +1 pair of gloves (worn)
Jewellery
 q - the ring "Xaqin" (left hand) {+Inv rPois AC+4 Int+4}
   (You found it in a Gauntlet)

   [ring of protection]

   It affects your AC (+4).
   It affects your intelligence (+4).
   It protects you from poison.
   It lets you turn invisible.
 G - a ring of protection from fire (right hand)
 L - an amulet of reflection (around neck)
 P - an uncursed amulet of the acrobat
 V - the ring of the Bespelling Jester {rC++ MR+ EV+4}
   (You found it in a Gauntlet)

   [ring of evasion]

   It affects your evasion (+4).
   It greatly protects you from cold.
   It affects your resistance to hostile enchantments.
Wands
 x - a wand of iceblast (12)
 y - a wand of disintegration (9)
 C - a wand of acid (8)
 I - a wand of enslavement (7)
 R - a wand of paralysis (10)
Scrolls
 a - 3 scrolls of fear
 g - 3 scrolls of magic mapping
 k - 11 scrolls of remove curse
 o - 8 scrolls of fog
 r - 4 scrolls of teleportation
 u - 2 scrolls of holy word
 E - 3 scrolls of blinking
 M - 3 scrolls of enchant armour
 S - 2 scrolls of identify
Potions
 b - 2 potions of heal wounds
 c - 6 potions of curing
 h - 2 potions of haste
 l - 3 potions of magic
 n - a potion of resistance
 p - 4 potions of cancellation
 z - a potion of flight
 N - 2 potions of invisibility
 O - 2 potions of stabbing
 Q - a potion of berserk rage
 T - 2 potions of might
Miscellaneous
 v - a lightning rod (4/4)
Comestibles
 f - 40 rations
 A - 2 chunks of flesh


   Skills:
 + Level 13.8 Fighting
 + Level 17.5(17.9) Axes
 + Level 5.2(11.3) Maces & Flails
 - Level 6.0 Throwing
 * Level 14.9 Armour
 - Level 6.0 Dodging
 - Level 10.0 Shields
 - Level 12.0 Invocations
 - Level 4.0 Evocations


You had 15 spell levels left.
You didn't know any spells.
Your spell library contained the following spells:

 Spells                   Type           Power        Failure   Level  Hunger
 Freeze                   Ice            #...         95%         1    ##.....
 Infusion                 Chrm           #...         95%         1    ##.....
 Magic Dart               Conj           #...         95%         1    ##.....
 Summon Small Mammal      Summ           #...         95%         1    ##.....
 Blink                    Tloc           N/A          98%         2    ###....
 Call Imp                 Summ           #.......     98%         2    ###....
 Searing Ray              Conj           #.....       98%         2    ###....
 Shroud of Golubria       Chrm/Tloc      #.....       98%         2    ###....
 Slow                     Hex            #.......     98%         2    ###....
 Song of Slaying          Chrm           #.......     98%         2    ###....
 Call Canine Familiar     Summ           #.......     100%        3    ####...
 Confusing Touch          Hex            #.......     100%        3    ####...
 Conjure Flame            Conj/Fire      #.......     100%        3    ####...
 Dazzling Flash           Conj/Hex       #.....       100%        3    ####...
 Frozen Ramparts          Ice            #.....       100%        3    ####...
 Gell's Gravitas          Tloc           #.........   100%        3    ####...
 Mephitic Cloud           Conj/Pois/Air  #.......     100%        3    ####...
 Ozocubu's Armour         Chrm/Ice       #.......     100%        3    ####...
 Spectral Weapon          Hex/Chrm       #.......     100%        3    ####...
 Summon Guardian Golem    Hex/Summ       #.......     100%        3    ####...
 Fulminant Prism          Conj/Hex       #.........   100%        4    #####..
 Hailstorm                Conj/Ice       #.......     100%        4    #####..
 Iskenderun's Mystic Bla  Conj/Tloc      #.......     100%        4    #####..
 Petrify                  Tmut/Erth      #.......     100%        4    #####..
 Summon Ice Beast         Ice/Summ       #.......     100%        4    #####..
 Summon Lightning Spire   Summ/Air       #.......     100%        4    #####..
 Metabolic Englaciation   Hex/Ice        #.........   100%        5    ######.
 Yara's Violent Unravell  Hex/Tmut       #.........   100%        5    ######.


Dungeon Overview and Level Annotations

Branches:
Dungeon (15/15)            Temple (1/1) D:4            Lair (6/6) D:10
 Shoals (0/4) Lair:2        Snake (0/4) Lair:4        Slime (0/5) Lair:5
    Orc (2/2) D:12            Elf (0/3) Orc:2        Vaults (0/5) D:14
 Depths (0/5) D:15        Volcano (visited)         Gauntlet (visited)

Altars:
Ashenzari
Cheibriados
Dithmenos
Elyvilon
Fedhas
Gozag
Hepliaklqana
Kikubaaqudgha
Makhleb
Nemelex Xobeh
Okawaru
Qazlal
Ru
Sif Muna
Trog
Uskayaw
Vehumet
Wu Jian
Xom
Yredelemnul
Zin
The Shining One
Beogh

Shops:
D:10 *   D:12 (   Orc:2 }(?=

Portals:
Trove: D:13 (give +2 fire dragon scales)


Message History

You barely miss the 20-headed hydra.
The 20-headed hydra is almost dead.
The 20-headed hydra bites you but does no damage.
The 20-headed hydra bites you!
* * * LOW HITPOINT WARNING * * *
The 20-headed hydra bites you!
* * * LOW HITPOINT WARNING * * *
You block the 20-headed hydra's attack.
The 20-headed hydra bites you but does no damage.
The 20-headed hydra bites you. Zin protects you from harm!
The 20-headed hydra bites you but does no damage.
You block the 20-headed hydra's attack. x2
The 20-headed hydra bites you but does no damage.
The 20-headed hydra closely misses you. The 20-headed hydra bites you.
Zin protects you from harm! The 20-headed hydra closely misses you.
The 20-headed hydra bites you but does no damage.
The 20-headed hydra bites you.
You die...

#..##...†#....#...
##..##.(####.÷####
####....## ##.÷##.#
#.#.....# #...†.#.
*#.....## ###.....
#...h..## ##...÷
##......#* ###.#
##§..%.#.# ###
#@#.#.####### #
##D#.## #..######
***#...###*##..#.#.#.
*,#.......##......#..
*#.........#h........
#......##÷÷..##.....#
##....####.÷##.....#.
#...## ##.####..###
#..%# ### ##.#


You could see a 20-headed hydra and a raiju.

Vanquished Creatures
  Gastronok (Lair:3)
  An orc warlord (Orc:1)
  A very ugly thing (D:11)
  A stone giant (Orc:1)
  A minotaur (Gauntlet)
  Fannar (Lair:3)
  Josephine (D:10)
  9 hydras
  A vault guard (D:14)
  A catoblepas (Lair:5)
  2 two-headed ogres
  A centaur warrior (D:13)
  The ghost of Vexag the Chopper, a novice HOMo (D:11)
  A vampire mage (D:15)
  6 death yaks
  4 orc high priests (Orc:2)
  2 skeletal warriors (Volcano)
  A glowing orange brain (D:11)
  An unseen horror (D:13)
  4 wizards
  3 anaconda skeletons (Volcano)
  6 orc knights
  3 necromancers
  5 ugly things
  4 oklob plants (Lair:5)
  A manticore (D:15)
  4 orc sorcerers (Orc:2)
  3 cyclopes
  7 elephants (Lair:4)
  An ice statue (D:12)
  A smoke demon (Gauntlet)
  4 black mambas
  9 gargoyles
  3 spiny frogs
  A spiny frog (shapeshifter) (D:11)
  A torpor snail (Lair:6)
  A guardian serpent (shapeshifter) (D:12)
  3 centaur skeletons (D:11)
  A kobold demonologist (D:12)
  3 komodo dragons
  A yaktaur (D:14)
  4 trolls
  A queen bee (Lair:1)
  A hornet (D:9)
  9 polar bears (Lair:6)
  14 blink frogs (Lair:4)
  3 slime creatures (D:12)
  A harpy skeleton (Volcano)
  13 hippogriffs
  7 dream sheep
  3 flying skulls (Volcano)
  A raiju (Lair:6)
  44 yaks
  3 wyverns
  6 wraiths
  Grum (D:11)
  2 basilisks
  18 humans (D:14)
  2 hungry ghosts
  A steam dragon (shapeshifter) (D:11)
  2 neqoxecs (D:11)
  A warg (shapeshifter) (D:11)
  4 vampire mosquitoes (D:14)
  7 nagas (Lair:4)
  A human zombie (D:15)
  9 wargs
  15 hell hounds (Lair:6)
  17 water moccasins
  An acid dragon (D:12)
  2 swamp worms (Gauntlet)
  4 porcupines
  27 orc warriors
  3 ice beasts
  14 black bears
  4 phantoms
  4 sky beasts
  21 wolves
  A necrophage (D:10)
  7 ogres
  8 centaurs
  8 crocodiles
  5 big kobolds
  A gnoll sergeant (D:6)
  13 bullfrogs
  4 scorpions
  32 killer bees
  3 spriggan skeletons (Volcano)
  2 electric eels (Lair:6)
  15 wights
  6 howler monkeys
  2 troll skeletons (Volcano)
  8 crimson imps
  4 centaur zombies
  3 hounds
  A quasit (D:6)
  A bullfrog zombie (D:7)
  A bullfrog skeleton (D:13)
  20 orc priests
  3 jellies
  Terence (D:2)
  6 iguanas
  24 orc wizards
  11 worker ants
  2 naga skeletons (Volcano)
  A hound skeleton (D:7)
  A howler monkey zombie (D:10)
  11 gnolls
  19 adders
  3 shadow imps
  2 white imps (Gauntlet)
  3 oozes
  2 adder skeletons
  4 worms
  2 dart slugs
  3 leopard geckos
  75 orcs
  A ball python (D:6)
  11 giant cockroaches
  8 goblins
  8 hobgoblins
  9 jackals
  16 kobolds
  3 quokkas
  12 bats
  4 frilled lizards
  A leopard gecko skeleton (D:5)
  5 rats
  A butterfly (Lair:5)
  3 fungi
  2 pillars of salt
  4 plants
782 creatures vanquished.

Vanquished Creatures (collateral kills)
  A plant (Lair:5)
1 creature vanquished.

Vanquished Creatures (others)
  3 death yaks (Lair:5)
  An orc priest (Orc:2)
  A kobold (D:12)
  2 bushes (D:14)
  A fungus (Lair:5)
  3 pillars of salt
  16 plants
  2 withered plants (D:15)
29 creatures vanquished.

Grand Total: 812 creatures vanquished

Notes
Turn   | Place    | Note
-------+----------+-------------------------------------------
     0 | D:1      | DeepDeath the Hill Orc Fighter began the quest for the Orb.
     0 | D:1      | Reached XP level 1. HP: 19/19 MP: 1/1
    38 | D:1      | Reached skill level 3 in Axes
   121 | D:1      | Reached XP level 2. HP: 27/27 MP: 2/2
   450 | D:1      | Reached skill level 4 in Axes
   650 | D:2      | Reached XP level 3. HP: 33/33 MP: 3/3
   705 | D:2      | Noticed Terence
   955 | D:2      | Reached XP level 4. HP: 34/41 MP: 4/4
  1112 | D:2      | Reached skill level 5 in Axes
  1942 | D:3      | Reached XP level 5. HP: 47/47 MP: 5/5
  2020 | D:3      | Reached skill level 6 in Axes
  2180 | D:3      | Reached skill level 5 in Fighting
  2193 | D:3      | Reached skill level 7 in Axes
  2371 | D:4      | Reached XP level 6. HP: 51/56 MP: 6/6
  2385 | D:4      | Found a staircase to the Ecumenical Temple.
  2400 | Temple   | Entered the Ecumenical Temple
  2663 | Temple   | Became a worshipper of Zin the Law-Giver
  2663 | Temple   | Reached * piety under Zin
  3176 | D:4      | Reached ** piety under Zin
  3379 | D:4      | Reached skill level 1 in Invocations
  3477 | D:4      | Reached skill level 8 in Axes
  3818 | D:4      | Reached XP level 7. HP: 58/61 MP: 8/8
  3830 | D:4      | Donated 114 gold pieces to Zin
  4019 | D:5      | Entered Level 5 of the Dungeon
  4279 | D:5      | Reached *** piety under Zin
  4392 | D:5      | Reached XP level 8. HP: 44/68 MP: 8/11
  4633 | D:5      | Reached skill level 9 in Axes
  4699 | D:5      | Found an opulent altar of Gozag.
  5211 | D:2      | Killed Terence
  5328 | D:6      | Reached skill level 5 in Armour
  5328 | D:6      | Reached skill level 5 in Shields
  5328 | D:6      | Reached skill level 5 in Invocations
  5425 | D:6      | Reached skill level 10 in Axes
  5627 | D:6      | Reached skill level 1 in Throwing
  5675 | D:6      | Reached XP level 9. HP: 64/74 MP: 13/13
  5677 | D:6      | Identified the cursed +0 helmet of Perfidy {Str+2} (You
                  | found it on level 6 of the Dungeon)
  6651 | D:7      | Got an encrusted mace
  6652 | D:7      | Identified the cursed +1 mace "Qixzemp" {venom, Str+8} (You
                  | found it on level 7 of the Dungeon)
  7301 | D:8      | Reached **** piety under Zin
  7432 | D:8      | Found an iron altar of Okawaru.
  7663 | D:8      | Reached skill level 11 in Axes
  7682 | D:8      | Reached XP level 10. HP: 37/84 MP: 15/15
  7907 | D:8      | Noticed a three-headed hydra
  7915 | D:8      | Killed a one-headed hydra
  8222 | D:9      | Reached skill level 12 in Axes
  8304 | D:9      | Reached skill level 1 in Evocations
  8333 | D:9      | Reached skill level 1 in Dodging
  8681 | D:9      | Identified the +6 plate armour of Valiance {Str+4} (You
                  | found it on level 9 of the Dungeon)
  8846 | D:10     | Entered Level 10 of the Dungeon
  8858 | D:10     | Noticed Josephine
  8899 | D:10     | Killed Josephine
  8899 | D:10     | Reached XP level 11. HP: 38/93 MP: 16/16
  9350 | D:10     | Noticed a death yak
  9764 | D:10     | Found a staircase to the Lair.
  9908 | D:10     | Noticed a death yak
  9957 | D:10     | Killed a death yak
  9982 | D:10     | Noticed a death yak
 10017 | D:10     | Reached skill level 13 in Axes
 10054 | D:9      | Killed a death yak
 10319 | D:10     | Reached ***** piety under Zin
 10487 | D:10     | Found Rineat's General Store.
 10490 | D:10     | Bought a potion of flight for 39 gold pieces
 10638 | Lair:1   | Entered Level 1 of the Lair of Beasts
 10879 | Lair:1   | Noticed a four-headed hydra
 10890 | Lair:1   | Killed a one-headed hydra
 11169 | Lair:1   | Reached XP level 12. HP: 104/104 MP: 18/18
 11211 | Lair:1   | Reached skill level 14 in Axes
 12193 | Lair:2   | Found a staircase to the Shoals.
 12904 | Lair:3   | Noticed Gastronok
 12936 | Lair:3   | Killed Gastronok
 13001 | Lair:3   | Noticed Fannar
 13113 | Lair:3   | Killed Fannar
 13365 | Lair:3   | Got a smoking buckler
 13376 | Lair:3   | Identified the +0 buckler of Patterns {rC+++ Str+2 SInv}
                  | (You found it on level 3 of the Lair of Beasts)
 13809 | Lair:4   | Reached skill level 5 in Throwing
 13809 | Lair:4   | Reached skill level 10 in Invocations
 13919 | Lair:4   | Noticed a death yak
 13958 | Lair:4   | Reached XP level 13. HP: 77/113 MP: 20/20
 14098 | Lair:4   | Reached skill level 10 in Fighting
 14126 | Lair:4   | Reached skill level 10 in Shields
 14443 | Lair:3   | Reached skill level 10 in Armour
 15028 | Lair:4   | Found a staircase to the Snake Pit.
 15365 | Lair:4   | Reached skill level 15 in Axes
 15799 | Lair:5   | Found a staircase to the Slime Pits.
 16879 | D:11     | Noticed Grum
 16935 | D:11     | Killed Grum
 17136 | D:11     | Reached XP level 14. HP: 121/124 MP: 22/22
 17167 | D:11     | Found a runed translucent gate.
 17177 | D:11     | Found a runed translucent gate.
 17178 | D:11     | Found a runed translucent gate.
 17184 | D:11     | Reached ****** piety under Zin
 17201 | D:11     | Noticed a white very ugly thing
 17572 | D:12     | Found Ygaiduaps's Weapon Shop.
 17607 | D:12     | Found a gate leading to a gauntlet.
 17672 | Gauntlet | Entered a Gauntlet
 17672 | Gauntlet | Found a transporter.
 17680 | Gauntlet | Found a transporter.
 17682 | Gauntlet | Found a transporter.
 17696 | Gauntlet | Found a transporter.
 17706 | Gauntlet | Found a transporter.
 17712 | Gauntlet | Found a transporter.
 17737 | Gauntlet | Found a transporter.
 17746 | Gauntlet | Found a transporter.
 17758 | Gauntlet | Found a transporter.
 17764 | Gauntlet | Found a transporter.
 17781 | Gauntlet | Noticed a dire elephant
 17783 | Gauntlet | Found a transporter.
 17788 | Gauntlet | Found a transporter.
 17807 | Gauntlet | Found a transporter.
 17812 | Gauntlet | Found a transporter.
 17829 | Gauntlet | Found a transporter.
 17834 | Gauntlet | Found a transporter.
 17875 | Gauntlet | Found a transporter.
 17904 | Gauntlet | Found a transporter.
 17975 | Gauntlet | Got a bound lapis lazuli ring
 17977 | Gauntlet | Identified the ring "Xaqin" {+Inv rPois AC+4 Int+4} (You
                  | found it in a Gauntlet)
 18016 | Gauntlet | Got a dazzling spear
 18078 | Gauntlet | Got a glittering granite ring
 18083 | Gauntlet | Identified the ring of the Bespelling Jester {rC++ MR+
                  | EV+4} (You found it in a Gauntlet)
 18128 | Gauntlet | Identified the +0 plate armour "Paoj" {rN+ Regen+ rCorr
                  | Dex+2}
 18493 | D:12     | Identified the +10 spear of Loanereu {vorpal, Int+8} (You
                  | found it in a Gauntlet)
 18939 | D:12     | Got a dazzling morningstar
 18950 | D:12     | Identified the +5 morningstar "Nanwihod" {freeze, Int+4
                  | Dex+2} (You found it on level 12 of the Dungeon)
 19034 | D:12     | Found a staircase to the Orcish Mines.
 19054 | D:12     | Reached skill level 16 in Axes
 19777 | Lair:5   | Got a jewelled buckler
 19779 | Lair:5   | Got a faintly glowing kite shield
 19781 | Lair:5   | Identified the +3 buckler "Powoulu" {Regen+ Int+3} (You
                  | found it on level 5 of the Lair of Beasts)
 19849 | Lair:2   | Identified the +3 kite shield of the Hippo {rCorr} (You
                  | found it on level 5 of the Lair of Beasts)
 19991 | Orc:1    | Entered Level 1 of the Orcish Mines
 20254 | Orc:1    | Found a roughly hewn altar of Beogh.
 20444 | Orc:1    | Noticed an orc warlord
 20468 | Orc:1    | Killed an orc warlord
 20634 | Orc:1    | Noticed a stone giant
 20654 | Orc:1    | Killed a stone giant
 20862 | Orc:2    | Entered Level 2 of the Orcish Mines
 20862 | Orc:2    | Found a staircase to the Elven Halls.
 21274 | Orc:2    | Found Ital's Jewellery Shoppe.
 21355 | Orc:2    | Found a burning altar of Makhleb.
 21731 | Orc:2    | Reached skill level 5 in Dodging
 21941 | Orc:2    | Found Zynuf's Gadget Shoppe.
 21947 | Orc:2    | Found Weutzag's Weapon Shop.
 21967 | Orc:2    | Found Kuadgh's Magic Scroll Shop.
 21990 | Orc:2    | Bought a scroll of magic mapping for 49 gold pieces
 21990 | Orc:2    | Bought a scroll of identify for 28 gold pieces
 21990 | Orc:2    | Bought a scroll of holy word for 105 gold pieces
 22001 | Orc:2    | Bought a wand of acid (8) for 408 gold pieces
 22013 | Orc:2    | Bought an uncursed ring of protection from fire for 275
                  | gold pieces
 22038 | Orc:2    | Bought a scroll of enchant armour for 105 gold pieces
 22038 | Orc:2    | Bought a scroll of enchant weapon for 105 gold pieces
 22181 | D:13     | Found a portal to a secret trove of treasure.
 22213 | D:13     | Reached XP level 15. HP: 89/134 MP: 24/24
 22307 | D:13     | Identified the +8 mace of the Realm of Zot {holy, *Slow
                  | rElec rPois Dex+5} (You found it on level 13 of the
                  | Dungeon)
 22519 | D:13     | Reached skill level 1 in Maces & Flails
 23000 | D:13     | Identified a scroll of acquirement
 23000 | D:13     | Acquired the ring "Inalim" {MR- Str+6 Int+10 Stlth+}
 23048 | D:14     | You fall into a shaft and drop 1 floor!
 23048 | D:15     | Entered Level 15 of the Dungeon
 23079 | D:15     | Found a staircase to the Depths.
 23441 | D:14     | Found a gate to the Vaults.
 23470 | D:14     | Got a fine brass ring
 23475 | D:14     | Identified the ring "Cewuvom" {rPois Dex+6} (You found it
                  | on level 14 of the Dungeon)
 23555 | D:14     | Found a sparkling altar of Nemelex Xobeh.
 23695 | D:14     | Reached skill level 17 in Axes
 24259 | D:11     | Found a runed translucent gate.
 24259 | D:11     | Found a runed translucent gate.
 24266 | D:11     | Found a runed translucent gate.
 24268 | D:11     | Noticed Vexag's ghost (novice HOMo)
 24301 | D:11     | Killed Vexag's ghost
 25046 | Lair:6   | Entered Level 6 of the Lair of Beasts
 25144 | Lair:6   | Found a dark tunnel.
 25157 | Volcano  | Entered a volcano
 26496 | Lair:6   | Reached XP level 16. HP: 145/145 MP: 25/25
 26554 | Lair:6   | Reached skill level 5 in Maces & Flails
 26842 | Lair:6   | HP: 3/145 [20-headed hydra (8)]
 26842 | Lair:6   | Zin protects you from harm!
 26842 | Lair:6   | Zin protects you from harm!
 26842 | Lair:6   | Slain by a 20-headed hydra

Illustrated notes

Levels and vault maps discovered:
D:1:      dpeg_arrival_leaves_temple_mockup, layout_loops_cross,
          minmay_misc_feat_diagonals
D:2:      layout_basic, minmay_worlds_worst_comb, uniq_terence
D:3:      layout_rooms, first_ration, minmay_misc_feat_iff
D:4:      corexii_shack_village, layout_basic, minmay_temple_entry_ruins,
          minmay_quantized
D:5:      layout_basic, lemuel_coloured_pillars_altar
D:6:      layout_rooms
D:7:      layout_cave_pools
D:8:      kennysheep_blocky_hall, layout_basic, basic_altar,
          grunt_decor_resistance, hangedman_ranch [blue_anna_fruit_fields]
D:9:      layout_cave_pools
D:10:     minmay_goldmine, layout_basic, dpeg_lair_monsters, serial_shops, shop,
          uniq_josephine
D:11:     layout_basic, ploomutoo_gammafunk_ghost_potion_laboratory, uniq_grum
D:12:     lemuel_ice_statue, layout_stronghold, orc_0_dummy,
          gauntlet_entry_generic, serial_shops, shop
D:13:     layout_irregular_city, nicolae_trove_entry_crossroad, st_stairs_12,
          minmay_librarian
D:14:     layout_basic, grunt_vaults_entry_tiered, basic_altar, serial_glass,
          glass_columns_b, glass_columns_c, serial_park_gazebo
          [serial_park_minivault_5x5_1]
D:15:     gammafunk_depths_entry_grave, layout_stronghold, serial_column_ruins,
          column_ruins_hut, column_ruins_hut, column_ruins_columns_corner,
          column_ruins_grid_3, column_ruins_corridor_straight,
          column_ruins_corridor_T, column_ruins_corridor_straight,
          serial_bayou_lagoon_a, serial_shops, shop,
          nicolae_dithmenos_through_a_glass_darkly
Temple:   roderic_octagonal_lattice_temple
Lair:1:   layout_small_grid, special_room [special_room_bee]
Lair:2:   layout_long_grid, minmay_shoals_entry_centaurs,
          chequers_serial_rivers_micro_a, minivault_23, patterned_corridor
Lair:3:   layout_roguey, minivault_19, uniq_gastronok, uniq_fannar
Lair:4:   layout_regular_city, minmay_snake_entry_guardpost_large,
          lemuel_fruit_tree
Lair:5:   layout_misc_corridors, nicolae_slime_entry_slimehenge,
          minmay_lindwurm_lava, lemuel_fruit_fields,
          infiniplex_staircase_pool_2, minmay_lair_oklob_chamber
Lair:6:   hangedman_lair_caniforms_friends, layout_long_grid, enter_volcano_4,
          wad_woods_road_01, fungi_pond_lemuel, serial_bayou_shore_a
Orc:1:    layout_diamond_mine, basic_altar
Orc:2:    st_orc_elflike, layout_diamond_mine, bloody_makhleb

Skill      XL: |  1  2  3  4  5  6  7  8  9 10 11 12 13 14 15 16 |
---------------+-------------------------------------------------+-----
Axes           | 3 4 5 7 8 10 11 12 13 14 15 16 17 | 17.5
Fighting       | 4 5 6 7 9 11 12 13 | 13.8
Invocations    | 2 4 5 7 9 10 11 12 | 12.0
Armour         | 4 5 6 7 9 11 13 14 | 14.9
Shields        | 4 5 6 7 9 10 | 10.0
Throwing       | 1 3 4 5 6 |  6.0
Evocations     | 2 3 4 |  4.0
Dodging        | 1 2 3 4 5 6 |  6.0
Maces & Flails | 4 5 |  5.2

Action                   |  1- 3 |  4- 6 |  7- 9 | 10-12 | 13-15 | 16-18 || total
-------------------------+-------+-------+-------+-------+-------+-------++-------
Melee: War axe           |    94 |   239 |   425 |       |   964 |   120 ||  1842
       Hand axe          |       |       |       |  1055 |   590 |     7 ||  1652
       Mace              |       |       |       |       |   161 |     7 ||   168
Throw: Stone             |       |    10 |    13 |       |       |       ||    23
       Dart              |       |       |    10 |    29 |    30 |       ||    69
       Boomerang         |       |       |     1 |       |   104 |     1 ||   106
Invok: Vitalisation      |       |     2 |     7 |    14 |    20 |       ||    43
       Recite            |       |       |     8 |     5 |    14 |       ||    27
       Donate Gold       |       |       |     1 |       |       |       ||     1
Evoke: Wand              |       |       |       |       |     5 |       ||     5
       Lightning rod     |       |       |       |       |     4 |       ||     4
       Phantom mirror    |       |       |       |       |     1 |       ||     1
  Use: Scroll            |     5 |     1 |    14 |    13 |    28 |     2 ||    63
       Potion            |       |     3 |     2 |     4 |     4 |       ||    13
 Stab: Invisible         |       |       |     3 |       |     4 |       ||     7
       Petrified         |       |       |       |       |     9 |       ||     9
       Paralysed         |       |       |       |       |    14 |       ||    14
       Confused          |       |       |       |       |     4 |       ||     4
  Eat: Chunk             |       |    10 |     2 |    11 |    18 |     1 ||    42
       Ration            |       |       |     3 |     4 |     7 |       ||    14
Armor: Scale mail        |    69 |    84 |   191 |   262 |   149 |       ||   755
       Plate armour      |       |       |       |       |   298 |   148 ||   446
       Chain mail        |       |       |       |       |    46 |       ||    46
Dodge: Dodged            |    41 |    69 |    79 |   351 |   479 |   102 ||  1121
       Repelled          |       |       |       |       |    28 |       ||    28
Block: Kite shield       |    78 |   113 |   233 |   439 |       |       ||   863
       Buckler           |       |       |       |    22 |   616 |   122 ||   760
       Reflection        |       |       |       |       |    28 |       ||    28
